General information
- name: BNet
- type: Ladder team game (AT/RT)
- host: Battle.net
- saver: DSSN
map: GolemsInTheMist
- players: 8
- length: 27:04
- speed: Fast
- version: 1.26 W3XP
- replay type: Public
» download(152 KB)
Players
team 1 (winner)
shadowkill (
green | 100 APM | 2699 actions | 27:03)
9 Blademaster
2 Wind Walk
3 Critical Strike
3 Mirror Image
1 Bladestorm
3 Mountain King
2 Bash
1 Storm Bolt
» actions
| Assign group hotkey | 13 | |
| Build / train | 101 | |
| Enter build submenu | 34 | |
| Enter hero's abilities submenu | 15 | |
| Give item / drop item | 3 | |
| Right click | 1030 | |
| Select / deselect | 665 | |
| Select group hotkey | 682 | |
| Use ability | 156 | |
2699 total
» units
| Peon | 11 | |
| Grunt | 6 | |
| Peasant | 5 | |
| Wind Rider | 17 | |
| Footman | 5 | |
| Raider | 8 | |
52 total
» upgrades
| Ranged Weapons | 2 | |
| Ensnare | 1 | |
| Pillage | 1 | |
| Defend | 1 | |
5 total
» buildings
| Altar of Storms | 1 | |
| Orc Burrow | 11 | |
| Voodoo Lounge | 2 | |
| War Mill | 2 | |
| Watch Tower | 15 | |
| Stronghold | 7 | |
| Beastiary | 4 | |
| Guard Tower | 2 | |
| Great Hall | 2 | |
| Town Hall | 1 | |
47 total
» build order
00:11 Altar of Storms
00:16 Orc Burrow
00:59 Voodoo Lounge
01:10 War Mill
02:04 Orc Burrow
02:12 War Mill
02:40 Watch Tower
02:55 Orc Burrow
03:14 Watch Tower
04:41 Stronghold
04:41 Stronghold
04:45 Stronghold
05:16 Watch Tower
05:31 Orc Burrow
07:29 Beastiary
07:50 Beastiary
07:53 Beastiary
08:03 Beastiary
09:46 Orc Burrow
09:46 Orc Burrow
09:46 Orc Burrow
10:23 Orc Burrow
10:24 Orc Burrow
10:29 Orc Burrow
11:48 Voodoo Lounge
15:33 Guard Tower
15:34 Guard Tower
15:54 Great Hall
20:56 Watch Tower
21:10 Watch Tower
21:26 Watch Tower
21:27 Watch Tower
21:33 Great Hall
22:16 Watch Tower
22:17 Watch Tower
22:18 Watch Tower
22:18 Watch Tower
22:23 Town Hall
24:08 Watch Tower
24:09 Watch Tower
24:09 Watch Tower
24:10 Watch Tower
25:58 Stronghold
25:59 Stronghold
25:59 Stronghold
» items
| Healing Salve | 4 | |
| Lesser Clarity Potion | 2 | |
| Scroll of Speed | 4 | |
| Scroll of Town Portal | 3 | |
13 total

»
DSSN (
purple | 105 APM | 2834 actions | 27:04)
10 Warden
3 Fan of Knives
3 Blink
1 Spirit of Vengeance
3 Shadow Strike
» actions
| Assign group hotkey | 38 | |
| Basic commands | 81 | |
| Build / train | 151 | |
| ESC pressed | 3 | |
| Enter build submenu | 44 | |
| Enter hero's abilities submenu | 10 | |
| Right click | 1358 | |
| Select / deselect | 451 | |
| Select group hotkey | 496 | |
| Use ability | 202 | |
2834 total
» units
| Wisp | 36 | |
| Peon | 5 | |
| Archer | 2 | |
| Footman | 9 | |
| Huntress | 6 | |
| Peasant | 18 | |
| Grunt | 1 | |
| Druid of the Claw | 9 | |
| Dryad | 12 | |
98 total
» upgrades
| Ultravision | 1 | |
| Spiked Barricades | 1 | |
| Druid of the Claw Training | 2 | |
| Masonry | 1 | |
| Strength of the Wild | 3 | |
| Well Spring | 1 | |
| Reinforced Hides | 3 | |
| Ranged Weapons | 1 | |
| Backpack | 1 | |
| Nature's Blessing | 1 | |
| Mark of the Claw | 1 | |
| Armor | 1 | |
| Hardened Skin | 1 | |
| Abolish Magic | 1 | |
| Resistant Skin | 1 | |
| Moon Armor | 1 | |
| Strength of the Moon | 1 | |
22 total
» buildings
| Altar of Elders | 1 | |
| Moon Well | 9 | |
| Ancient of War | 1 | |
| Hunter's Hall | 1 | |
| Ancient Protector | 11 | |
| Scout Tower | 5 | |
| Tree of Life | 1 | |
| Guard Tower | 7 | |
| Farm | 1 | |
| Tree of Ages | 3 | |
| Tree of Eternity | 3 | |
| Ancient of Lore | 4 | |
| Ancient of Wonders | 1 | |
| Arcane Vault | 1 | |
49 total
» build order
00:05 Altar of Elders
00:11 Moon Well
00:46 Ancient of War
01:26 Moon Well
02:03 Moon Well
02:27 Hunter's Hall
03:42 Ancient Protector
03:59 Scout Tower
05:03 Ancient Protector
05:14 Tree of Life
05:17 Guard Tower
05:17 Guard Tower
05:18 Guard Tower
05:22 Farm
07:08 Tree of Ages
07:08 Tree of Ages
07:17 Ancient Protector
09:36 Tree of Eternity
09:36 Tree of Eternity
09:40 Ancient of Lore
09:42 Ancient of Lore
10:53 Moon Well
10:55 Moon Well
11:56 Ancient of Wonders
11:59 Ancient Protector
14:21 Scout Tower
14:21 Scout Tower
14:22 Scout Tower
14:23 Scout Tower
15:34 Guard Tower
15:34 Guard Tower
15:36 Arcane Vault
16:05 Moon Well
16:05 Moon Well
16:06 Moon Well
16:07 Moon Well
16:11 Ancient of Lore
16:12 Ancient of Lore
18:22 Ancient Protector
18:23 Ancient Protector
18:24 Ancient Protector
18:30 Ancient Protector
19:45 Ancient Protector
19:48 Ancient Protector
20:26 Ancient Protector
» items
| Scroll of Town Portal | 1 | |
| Orb of Venom | 1 | |
| Anti-magic Potion | 1 | |
| Staff of Preservation | 1 | |
4 total
Sunny_Montana (
blue | 21 APM | 34 actions | 01:37)
» actions
| Build / train | 5 | |
| Enter build submenu | 4 | |
| Right click | 9 | |
| Select / deselect | 13 | |
| Use ability | 3 | |
34 total
» units
» buildings
| Altar of Storms | 1 | |
| Orc Burrow | 1 | |
| Barracks | 1 | |
3 total
» build order
00:09 Altar of Storms
00:22 Orc Burrow
00:49 Barracks
BigThing (
yellow | 26 APM | 100 actions | 03:52)
1 Mountain King
1 Storm Bolt
» actions
| Assign group hotkey | 2 | |
| Build / train | 16 | |
| Enter build submenu | 8 | |
| Enter hero's abilities submenu | 1 | |
| Right click | 27 | |
| Select / deselect | 37 | |
| Use ability | 9 | |
100 total
» units
» buildings
| Altar of Kings | 1 | |
| Barracks | 1 | |
| Farm | 4 | |
| Lumber Mill | 1 | |
| Scout Tower | 1 | |
| Guard Tower | 2 | |
| Keep | 1 | |
11 total
» build order
00:09 Altar of Kings
00:14 Barracks
00:24 Farm
00:58 Lumber Mill
01:09 Farm
01:55 Scout Tower
02:31 Farm
02:32 Guard Tower
02:50 Guard Tower
03:19 Farm
03:25 Keep
team 2 (loser)

»
Steve092 (
red | 50 APM | 1308 actions | 26:17)
4 Archmage
3 Blizzard
1 Brilliance Aura
3 Paladin
2 Holy Light
1 Divine Shield
» actions
| Basic commands | 2 | |
| Build / train | 68 | |
| Enter build submenu | 23 | |
| Enter hero's abilities submenu | 7 | |
| Give item / drop item | 1 | |
| Remove unit from queue | 1 | |
| Right click | 764 | |
| Select / deselect | 385 | |
| Use ability | 57 | |
1308 total
» units
| Peasant | 13 | |
| Mortar Team | 11 | |
| Siege Engine | 4 | |
28 total
» upgrades
| Gunpowder | 2 | |
| Plating | 1 | |
| Barrage | 1 | |
| Flare | 1 | |
5 total
» buildings
| Farm | 10 | |
| Altar of Kings | 1 | |
| Scout Tower | 5 | |
| Lumber Mill | 1 | |
| Arcane Tower | 2 | |
| Keep | 3 | |
| Arcane Vault | 1 | |
| Guard Tower | 5 | |
| Blacksmith | 1 | |
| Castle | 2 | |
| Workshop | 2 | |
33 total
» build order
00:15 Farm
00:17 Altar of Kings
00:54 Farm
00:57 Scout Tower
01:26 Lumber Mill
01:50 Arcane Tower
03:40 Keep
03:41 Keep
04:34 Arcane Vault
04:40 Scout Tower
04:42 Scout Tower
05:13 Guard Tower
05:13 Guard Tower
05:53 Guard Tower
05:54 Guard Tower
05:58 Blacksmith
06:02 Farm
06:04 Farm
06:09 Castle
06:48 Scout Tower
06:52 Scout Tower
07:30 Guard Tower
07:32 Farm
07:34 Farm
07:37 Workshop
07:38 Workshop
08:46 Farm
08:48 Farm
09:07 Farm
09:11 Farm
» items
| Scroll of Regeneration | 2 | |
| Lesser Clarity Potion | 2 | |
| Potion of Healing | 1 | |
| Scroll of Town Portal | 2 | |
7 total
dOOE (
orange | 21 APM | 76 actions | 03:32)
1 Paladin
1 Devotion Aura
» actions
| Build / train | 13 | |
| Enter build submenu | 10 | |
| Enter hero's abilities submenu | 1 | |
| Right click | 12 | |
| Select / deselect | 28 | |
| Use ability | 12 | |
76 total
» units
» buildings
| Altar of Kings | 1 | |
| Farm | 4 | |
| Barracks | 2 | |
7 total
» build order
00:05 Altar of Kings
00:08 Farm
00:28 Farm
01:28 Farm
01:36 Barracks
03:02 Farm
03:09 Barracks

»
qweert (
pink | 30 APM | 789 actions | 26:19)
4 Death Knight
2 Death Coil
2 Unholy Aura
» actions
| Build / train | 61 | |
| Enter build submenu | 18 | |
| Enter hero's abilities submenu | 4 | |
| Remove unit from queue | 6 | |
| Right click | 376 | |
| Select / deselect | 252 | |
| Use ability | 72 | |
789 total
» units
| Acolyte | 2 | |
| Ghoul | 19 | |
| Peasant | 4 | |
| Crypt Fiend | 9 | |
| Gargoyle | 7 | |
41 total
» upgrades
| Web | 1 | |
| Burrow | 1 | |
| Creature Attack | 2 | |
| Creature Carapace | 1 | |
5 total
» buildings
| Crypt | 2 | |
| Ziggurat | 4 | |
| Altar of Darkness | 1 | |
| Tomb of Relics | 1 | |
| Halls of the Dead | 1 | |
| Arcane Vault | 1 | |
| Black Citadel | 1 | |
| Nerubian Tower | 1 | |
| Graveyard | 1 | |
| Sacrificial Pit | 1 | |
| Lumber Mill | 1 | |
| Gryphon Aviary | 4 | |
| Farm | 8 | |
27 total
» build order
01:27 Crypt
01:31 Ziggurat
01:35 Altar of Darkness
01:39 Ziggurat
01:50 Crypt
02:24 Tomb of Relics
03:06 Ziggurat
04:45 Halls of the Dead
08:03 Arcane Vault
08:13 Black Citadel
08:40 Nerubian Tower
09:35 Graveyard
09:38 Sacrificial Pit
09:50 Ziggurat
14:29 Lumber Mill
20:03 Gryphon Aviary
20:04 Gryphon Aviary
20:04 Gryphon Aviary
20:06 Gryphon Aviary
20:08 Farm
20:09 Farm
20:10 Farm
20:10 Farm
20:11 Farm
20:13 Farm
24:45 Farm
24:45 Farm
» items
| Rod of Necromancy | 2 | |
| Scroll of Town Portal | 2 | |
| Potion of Healing | 1 | |
5 total
Moudugland (
teal | 39 APM | 1066 actions | 27:03)
4 Demon Hunter
2 Immolation
2 Evasion
» actions
| Build / train | 127 | |
| Enter build submenu | 21 | |
| Enter hero's abilities submenu | 4 | |
| Remove unit from queue | 13 | |
| Right click | 393 | |
| Select / deselect | 453 | |
| Use ability | 55 | |
1066 total
» units
| Wisp | 18 | |
| Archer | 12 | |
| Peasant | 9 | |
| Footman | 18 | |
| Hippogryph | 17 | |
| Druid of the Claw | 13 | |
| Knight | 10 | |
97 total
» upgrades
| Improved Bows | 1 | |
| Strength of the Wild | 3 | |
| Druid of the Claw Training | 2 | |
| Swords | 1 | |
| Mark of the Claw | 1 | |
| Reinforced Hides | 1 | |
9 total
» buildings
| Moon Well | 8 | |
| Ancient of War | 1 | |
| Altar of Elders | 1 | |
| Tree of Ages | 3 | |
| Ancient of Wind | 1 | |
| Hunter's Hall | 1 | |
| Ancient of Lore | 2 | |
| Blacksmith | 1 | |
| Tree of Eternity | 1 | |
| Keep | 1 | |
| Castle | 1 | |
| Lumber Mill | 1 | |
| Farm | 2 | |
| Barracks | 1 | |
25 total
» build order
00:23 Moon Well
00:30 Ancient of War
00:38 Altar of Elders
01:33 Moon Well
02:51 Moon Well
04:12 Tree of Ages
04:13 Tree of Ages
04:19 Moon Well
05:05 Moon Well
07:10 Ancient of Wind
07:15 Hunter's Hall
09:37 Ancient of Lore
10:05 Blacksmith
11:12 Tree of Eternity
11:25 Keep
14:02 Ancient of Lore
14:16 Castle
14:25 Lumber Mill
15:02 Moon Well
16:15 Moon Well
18:21 Moon Well
19:08 Farm
19:12 Farm
20:03 Barracks
Chat log
(01:53 / Allies) shadowkill: who
(03:40 / Allies) shadowkill: wtf
(03:44 / Allies) shadowkill: why tp
(15:43 / Allies) shadowkill: gold for main plz
(17:23 / All) Steve092: Leave noobs
(17:45 / All) DSSN: amoving tanks is so hard
(18:03 / All) DSSN: this was a 2v3 btw
(18:06 / All) DSSN: and it took you this long
(21:19 / All) DSSN: lol
(21:28 / All) DSSN: leave noobs
(23:28 / All) DSSN: time for you to leave
(24:08 / All) DSSN: lol
(25:07 / All) DSSN: leave noobs
(25:28 / All) DSSN: we 2v3ed you and you still lost
(26:22 / All) DSSN: fucking raped
(26:26 / Allies) DSSN: gj sir
(26:27 / Allies) DSSN: well done
(26:34 / Allies) shadowkill: yep